[ AOE2 MATCH · #495300280 ]
UnrankedGeorgians vs Poles
Player's team · WIN
Rival team · LOSS
[ REPLAY ANALYSIS · EXTRACTED FROM THE RECORDED GAME ]
Feudal
9:54
Castle
18:51
Imperial
32:39
| APM avg | 56.1 |
| APM peak | 94 |
| eAPM avg | 25.9 |
| Villagers / military | 140 / 167 |
Focus
⚔️ 26.7% · 🌾 73.3%
Monaspa ×84 · Cavalry Archer ×64 · Fire Galley ×7 · Fishing Ship ×7 · Unknown (2626) ×7 · Trebuchet (Packed) ×7
Feudal
9:34
Castle
23:19
Imperial
28:47
| APM avg | 44.3 |
| APM peak | 77 |
| eAPM avg | 26.2 |
| Villagers / military | 156 / 223 |
Focus
⚔️ 41.8% · 🌾 58.2%
Knight ×137 · Spearman ×51 · Fishing Ship ×25 · Unknown (2626) ×13 · Archer ×12 · Obuch ×8
Match map
Initial resources + every placement click. Lines = walls · curves = elevation contours. ◆ gold · ⬟ stone · ● berries · ✦ relic · ◌ wall gap
Your base· ✓ Closed at 18:51 · 45t walls · no gate
Lucsor's base· ✓ Closed at 23:19 · 14t walls · 2 gate(s)
Smoothed initial terrain · ◌ = detected wall gap · hover for details
Inputs per minute
— Big Dota - - Lucsor
Build order — Big Dota
First 150 of 422 actions detected
| 0:02 | Create | Villager (Male) |
| 0:02 | Create | Villager (Male) |
| 0:03 | Build | House |
| 0:05 | Build | House |
| 0:25 | Create | Villager (Male) |
| 0:25 | Create | Villager (Male) |
| 1:26 | Create | Villager (Male) |
| 1:26 | Create | Villager (Male) |
| 2:06 | Create | Villager (Male) |
| 2:06 | Create | Villager (Male) |
| 2:23 | Create | Villager (Male) |
| 2:34 | Build | House |
| 2:51 | Create | Villager (Male) |
| 2:51 | Create | Villager (Male) |
| 3:10 | Create | Villager (Male) |
| 3:10 | Create | Villager (Male) |
| 3:27 | Build | Dock |
| 3:38 | Create | Villager (Male) |
| 3:38 | Create | Villager (Male) |
| 4:03 | Build | Palisade Wall |
| 4:10 | Create | Villager (Male) |
| 4:10 | Create | Villager (Male) |
| 4:33 | Create | Villager (Male) |
| 4:46 | Create | Fishing Ship |
| 4:59 | Build | House |
| 5:11 | Create | Villager (Male) |
| 5:23 | Create | Villager (Male) |
| 5:32 | Create | Fishing Ship |
| 5:52 | Create | Fishing Ship |
| 5:57 | Create | Villager (Male) |
| 6:12 | Create | Villager (Male) |
| 6:44 | Research | Loom |
| 6:51 | Create | Fishing Ship |
| 6:56 | Build | House |
| 7:30 | Create | Fishing Ship |
| 7:44 | Research | Feudal Age |
| 7:44 | Research | Feudal Age |
| 8:08 | Build | Dock |
| 8:14 | Build | Mule Cart |
| 8:38 | Build | House |
| 9:12 | Build | Palisade Wall |
| 9:15 | Build | House |
| 9:20 | Build | House |
| 9:21 | Build | Palisade Wall |
| 9:28 | Create | Villager (Male) |
| 9:54 | Age | Feudal Age |
| 10:01 | Create | Fire Galley |
| 10:02 | Create | Fire Galley |
| 10:12 | Create | Unit 2626 |
| 10:20 | Create | Villager (Male) |
| 10:20 | Create | Villager (Male) |
| 10:36 | Create | Galley |
| 10:40 | Create | Villager (Male) |
| 10:53 | Create | Unit 2626 |
| 10:57 | Create | Villager (Male) |
| 11:14 | Create | Fire Galley |
| 11:17 | Create | Fire Galley |
| 11:20 | Create | Villager (Male) |
| 11:26 | Build | Palisade Wall |
| 11:33 | Build | Palisade Wall |
| 12:05 | Create | Unit 2626 |
| 12:21 | Build | Palisade Wall |
| 12:30 | Create | Unit 2626 |
| 12:46 | Create | Fire Galley |
| 12:49 | Create | Villager (Male) |
| 12:50 | Create | Villager (Male) |
| 12:52 | Create | Villager (Male) |
| 12:55 | Build | Palisade Wall |
| 13:04 | Create | Unit 2626 |
| 13:22 | Build | Palisade Wall |
| 13:26 | Build | Mill |
| 13:31 | Build | Palisade Wall |
| 13:55 | Create | Fire Galley |
| 14:13 | Create | Villager (Male) |
| 14:54 | Create | Unit 2626 |
| 14:56 | Create | Villager (Male) |
| 14:58 | Build | Blacksmith |
| 15:06 | Create | Villager (Male) |
| 15:20 | Build | Market |
| 15:26 | Create | Villager (Male) |
| 16:06 | Research | Castle Age |
| 16:06 | Research | Castle Age |
| 16:24 | Create | Fire Galley |
| 16:34 | Research | Double-Bit Axe |
| 17:00 | Create | Villager (Male) |
| 17:00 | Create | Villager (Male) |
| 17:10 | Build | Palisade Wall |
| 17:18 | Build | Palisade Wall |
| 17:50 | Create | Unit 2626 |
| 17:54 | Create | Villager (Male) |
| 17:54 | Create | Villager (Male) |
| 18:15 | Build | Dock |
| 18:51 | Age | Castle Age |
| 18:53 | Build | Town Center |
| 19:04 | Build | Monastery |
| 19:13 | Research | Bow Saw |
| 19:23 | Create | Villager (Male) |
| 19:34 | Build | Town Center |
| 19:47 | Create | Villager (Male) |
| 19:51 | Create | Monk |
| 19:56 | Build | Palisade Gate |
| 20:09 | Create | Fishing Ship |
| 20:11 | Create | Villager (Male) |
| 20:13 | Create | Villager (Male) |
| 20:13 | Create | Villager (Male) |
| 20:28 | Create | Villager (Male) |
| 20:28 | Create | Villager (Male) |
| 20:28 | Create | Villager (Male) |
| 20:29 | Create | Villager (Male) |
| 20:29 | Create | Villager (Male) |
| 20:30 | Create | Villager (Male) |
| 20:51 | Create | Monk |
| 21:01 | Create | Villager (Male) |
| 21:01 | Create | Villager (Male) |
| 21:01 | Create | Villager (Male) |
| 21:05 | Build | Farm |
| 21:07 | Build | Farm |
| 21:07 | Build | Farm |
| 21:10 | Build | Farm |
| 21:23 | Create | Villager (Male) |
| 21:23 | Create | Villager (Male) |
| 21:31 | Build | Farm |
| 21:32 | Build | Farm |
| 21:33 | Build | Farm |
| 21:35 | Build | Farm |
| 21:35 | Build | Farm |
| 21:39 | Create | Fishing Ship |
| 21:46 | Build | House |
| 21:55 | Research | Wheelbarrow |
| 21:56 | Research | Wheelbarrow |
| 21:57 | Create | Villager (Male) |
| 21:59 | Build | House |
| 22:00 | Build | House |
| 22:12 | Create | Villager (Male) |
| 22:16 | Build | Farm |
| 22:16 | Build | Farm |
| 22:31 | Create | Villager (Male) |
| 22:32 | Create | Villager (Male) |
| 22:33 | Create | Villager (Male) |
| 22:33 | Create | Villager (Male) |
| 22:33 | Create | Villager (Male) |
| 22:36 | Build | Farm |
| 22:36 | Build | Farm |
| 22:37 | Build | Farm |
| 22:44 | Build | Mule Cart |
| 22:54 | Create | Monk |
| 23:30 | Build | Farm |
| 23:31 | Build | Farm |
| 23:32 | Build | Farm |
| 23:32 | Research | Horse Collar |
Build order — Lucsor
First 150 of 565 actions detected
| 0:01 | Create | Villager (Male) ×4 |
| 0:02 | Create | Villager (Male) ×4 |
| 0:03 | Build | House |
| 0:04 | Build | House |
| 1:12 | Build | Lumber Camp |
| 1:42 | Create | Villager (Male) |
| 1:43 | Create | Villager (Male) |
| 1:50 | Create | Villager (Male) |
| 1:50 | Create | Villager (Male) |
| 2:31 | Create | Villager (Male) |
| 2:58 | Create | Villager (Male) |
| 2:58 | Create | Villager (Male) |
| 3:18 | Build | House |
| 3:21 | Create | Villager (Male) |
| 3:21 | Create | Villager (Male) |
| 3:22 | Create | Villager (Male) |
| 3:40 | Build | Dock |
| 3:46 | Create | Villager (Male) |
| 3:46 | Create | Villager (Male) |
| 4:20 | Create | Villager (Male) |
| 4:45 | Build | House |
| 4:49 | Create | Villager (Male) |
| 4:50 | Create | Villager (Male) |
| 4:50 | Create | Villager (Male) |
| 4:59 | Create | Fishing Ship |
| 5:01 | Build | Palisade Wall |
| 5:08 | Create | Villager (Male) |
| 5:09 | Create | Villager (Male) |
| 5:09 | Create | Villager (Male) |
| 5:13 | Create | Fishing Ship |
| 5:13 | Create | Fishing Ship |
| 5:27 | Create | Villager (Male) |
| 5:28 | Create | Villager (Male) |
| 5:55 | Create | Fishing Ship |
| 5:56 | Create | Fishing Ship |
| 5:56 | Create | Fishing Ship |
| 6:06 | Create | Villager (Male) |
| 6:06 | Create | Villager (Male) |
| 6:06 | Create | Villager (Male) |
| 6:07 | Create | Villager (Male) |
| 6:07 | Create | Villager (Male) |
| 6:25 | Research | Loom |
| 6:52 | Build | House |
| 7:25 | Research | Feudal Age |
| 7:25 | Research | Feudal Age |
| 7:25 | Research | Feudal Age |
| 7:47 | Build | Lumber Camp |
| 8:03 | Build | Mining Camp |
| 8:11 | Build | House |
| 8:14 | Build | Palisade Wall |
| 8:27 | Create | Villager (Male) |
| 8:56 | Build | Palisade Wall |
| 9:02 | Create | Villager (Male) |
| 9:18 | Build | Dock |
| 9:25 | Create | Villager (Male) |
| 9:29 | Create | Villager (Male) |
| 9:33 | Build | House |
| 9:34 | Age | Feudal Age |
| 9:39 | Research | Double-Bit Axe |
| 9:49 | Create | Villager (Male) |
| 10:02 | Build | Barracks |
| 10:06 | Create | Unit 2626 |
| 10:14 | Create | Villager (Male) |
| 10:40 | Build | Dock |
| 10:55 | Create | Unit 2626 |
| 11:01 | Create | Villager (Male) |
| 11:02 | Create | Villager (Male) |
| 11:09 | Create | Unit 2626 |
| 11:17 | Create | Unit 2626 |
| 11:40 | Create | Unit 2626 |
| 11:42 | Create | Villager (Male) |
| 11:43 | Create | Villager (Male) |
| 12:07 | Create | Unit 2626 |
| 12:12 | Build | Palisade Wall |
| 12:15 | Build | Palisade Wall |
| 12:30 | Create | Villager (Male) |
| 12:35 | Create | Villager (Male) |
| 12:37 | Build | Mill |
| 12:40 | Build | Archery Range |
| 12:46 | Create | Villager (Male) |
| 12:46 | Create | Villager (Male) |
| 12:57 | Create | Fire Galley |
| 13:13 | Create | Villager (Male) |
| 13:21 | Create | Fire Galley |
| 13:22 | Create | Fire Galley |
| 13:31 | Research | Town Watch |
| 13:42 | Build | Blacksmith |
| 13:52 | Create | Unit 2626 |
| 13:52 | Create | Unit 2626 |
| 14:03 | Create | Unit 2626 |
| 14:04 | Create | Villager (Male) |
| 14:04 | Create | Villager (Male) |
| 14:27 | Create | Unit 2626 |
| 14:30 | Create | Villager (Male) |
| 14:37 | Create | Villager (Male) |
| 14:39 | Create | Archer |
| 14:39 | Create | Archer |
| 14:40 | Build | House |
| 14:41 | Build | House |
| 14:51 | Build | House |
| 14:51 | Create | Villager (Male) |
| 15:01 | Build | House |
| 15:02 | Build | House |
| 15:04 | Build | Palisade Wall |
| 15:15 | Research | Fletching |
| 15:15 | Research | Fletching |
| 15:23 | Build | Market |
| 15:25 | Build | House |
| 15:27 | Build | House |
| 15:29 | Build | House |
| 15:30 | Create | Villager (Male) |
| 15:30 | Create | Villager (Male) |
| 15:37 | Create | Archer |
| 15:37 | Create | Archer |
| 15:53 | Create | Unit 2626 |
| 16:07 | Create | Archer |
| 16:09 | Create | Villager (Male) |
| 16:09 | Create | Villager (Male) |
| 16:17 | Create | Unit 2626 |
| 16:25 | Create | Archer |
| 16:25 | Create | Archer |
| 16:32 | Create | Fishing Ship |
| 16:32 | Create | Fishing Ship |
| 16:37 | Create | Villager (Male) |
| 16:52 | Create | Archer |
| 17:04 | Create | Unit 2626 |
| 17:15 | Create | Villager (Male) |
| 17:16 | Create | Villager (Male) |
| 17:18 | Build | Farm |
| 17:18 | Build | Farm |
| 17:18 | Build | Farm |
| 17:19 | Build | Farm |
| 17:25 | Research | Horse Collar |
| 17:25 | Research | Horse Collar |
| 17:35 | Build | Farm |
| 17:41 | Create | Villager (Male) |
| 17:45 | Create | Archer |
| 17:53 | Build | Farm |
| 18:10 | Build | Dock |
| 18:20 | Build | House |
| 18:23 | Build | Gate |
| 18:25 | Build | Stone Wall |
| 18:30 | Build | Gate |
| 18:36 | Build | Mill |
| 18:46 | Research | Tech 906 |
| 18:48 | Create | Villager (Male) |
| 18:59 | Create | Fishing Ship |
| 19:11 | Create | Fishing Ship |
| 19:13 | Create | Fishing Ship |
| 19:16 | Create | Fishing Ship |
Match timeline
| 3:27 | Big Dota · first_building Dock |
| 3:40 | Lucsor · first_building Dock |
| 4:03 | Big Dota · wall_segment Palisade Wall x1 |
| 5:01 | Lucsor · wall_segment Palisade Wall x1 |
| 8:14 | Lucsor · wall_segment Palisade Wall x4 |
| 8:56 | Lucsor · wall_segment Palisade Wall x1 |
| 9:12 | Big Dota · wall_segment Palisade Wall x4 |
| 9:21 | Big Dota · wall_segment Palisade Wall x1 |
| 9:34 | Lucsor · age_up feudal |
| 9:54 | Big Dota · age_up feudal |
| 10:02 | Lucsor · first_building Barracks |
| 11:26 | Big Dota · wall_segment Palisade Wall x8 |
| 11:33 | Big Dota · wall_segment Palisade Wall x4 |
| 12:12 | Lucsor · wall_segment Palisade Wall x1 |
| 12:15 | Lucsor · wall_segment Palisade Wall x1 |
| 12:21 | Big Dota · wall_segment Palisade Wall x6 |
| 12:40 | Lucsor · first_building Archery Range |
| 12:55 | Big Dota · wall_segment Palisade Wall x1 |
| 13:22 | Big Dota · wall_segment Palisade Wall x3 |
| 13:31 | Big Dota · wall_segment Palisade Wall x16 |
| 15:04 | Lucsor · wall_segment Palisade Wall x2 |
| 17:10 | Big Dota · wall_segment Palisade Wall x1 |
| 17:18 | Big Dota · wall_segment Palisade Wall x1 |
| 18:25 | Lucsor · wall_segment Stone Wall x2 |
| 18:51 | Big Dota · age_up castle |
| 19:04 | Big Dota · first_building Monastery |
| 19:09 | Big Dota · first_market_buy 100 wood |
| 19:59 | Lucsor · wall_segment Palisade Wall x1 |
| 20:00 | Lucsor · wall_segment Palisade Wall x1 |
| 20:01 | Lucsor · wall_segment Palisade Wall x1 |
| 23:19 | Lucsor · age_up castle |
| 23:31 | Lucsor · first_building Monastery |
| 25:16 | Big Dota · wall_segment Palisade Wall x1 |
| 25:19 | Lucsor · first_market_sell 100 food |
| 26:12 | Big Dota · first_building Barracks |
| 26:20 | Lucsor · first_building Stable |
| 27:15 | Big Dota · first_building Stable |
| 28:39 | Big Dota · first_building Castle |
| 28:47 | Lucsor · age_up imperial |
| 30:00 | Lucsor · wall_segment Stone Wall x11 |
| 31:59 | Lucsor · first_building Castle |
| 32:39 | Big Dota · age_up imperial |
| 33:01 | Lucsor · wall_segment Stone Wall x1 |
| 33:38 | Big Dota · first_building Archery Range |
| 33:55 | Lucsor · first_building Siege Workshop |
| 36:24 | Big Dota · first_market_sell 100 stone |
| 38:45 | Lucsor · first_market_buy 100 stone |
| 45:16 | Lucsor · resign |
[ AI ANALYSIS · 1 CREDIT ]
What really happened in this match?
Wolo.gg analyzes every decision: build order, eco, micro, common mistakes by bracket. Personalized analysis on WhatsApp or Discord in 30 seconds.
Civ guide
Georgians
Perfil
Big Dota